cohdb
Replays
Latest Replays
All Replays
Popular Replays
Top Player Replays
Match Explorer
How It Works
Community
CoH3 Stats
Reddit
Sign in to upload your games and track your stats! →
Sign in with Steam
Match 39170892
Unlisted
Match 39170892
Overview
Messages
Build Orders
End
Kradschützen Motorcycle Team
Selects Italian Infantry
Selects Italian Infantry
Panzerpioneer Squad
Panzergrenadier Squad
Construct Light Support Kompanie
MG34 Team
Selects Defensive Operations
Construct Mechanized Kompanie
MG34 Team
1219835352
打我自动下载原神
matjouz
Sarmynation
0
0
Comments
sign in to comment!
No comments posted yet!